AoeStats
← antoinedeutsch

Arena

509317647Analyzed
1v1 RM · 5d ago on Sep 26, 2026· 33m 28s· 2 players
Game mode
Random Map
Map size
Tiny (2 player)
Population
200
Speed
Normal
Resources
Standard
Victory
Conquest
Starting age
Dark Age
Ending age
Imperial Age
RankedLock teamsTeams togetherTeam positionsShared explorationLock speedFull tech treeHidden civsTurbo modeCheats
Victory
Defeat
🇫🇷 Goths · France
434
+16
🇫🇷 Huns · France
431
-16
antoinedeutsch
8:48 Loom
12:00 Feudal Age
14:33 Wheelbarrow
13:47 Double-Bit Axe
14:55 Horse Collar
17:15 Fletching
19:43 Castle Age
19:11 Fletching
19:22 Padded Archer Armor
23:36 Hand Cart
25:19 Crossbowman
26:14 Scale Barding Armor
28:52 Town Watch
VianneyFroG4ME
1:18 Loom
14:32 Feudal Age
14:58 Double-Bit Axe
15:06 Gold Mining
15:14 Stone Mining
15:09 Horse Collar
23:11 Castle Age
21:49 Forging
21:45 Scale Mail Armor
22:23 Man-at-Arms
23:54 Squires
23:15 Pikeman
24:05 Long Swordsman
29:18 Heavy Plow
Connection lost

Rejoining the realm…

Still unreachable

The connection could not be restored.

Session expired

The server has moved on; the page needs a fresh start.